 Dungeon Crawl Stone Soup version 0.19.0-2-gae57169 (webtiles) character file.

250881 Patchouli the Convoker (level 19, -3/86 HPs)
             Began as a Tengu Summoner on Nov 5, 2016.
             Was a High Priest of Sif Muna.
             Slain by a profane servitor
             ... wielding a +3 demon whip of draining
              (12 damage)
             ... on level 4 of the Abyss on Nov 6, 2016.
             The game lasted 09:25:17 (41944 turns).

Patchouli the Convoker (Tengu Summoner)            Turns: 41944, Time: 09:25:21

Health: -3/86      AC: 10    Str:  3 (4)  XL:     19   Next: 64%
Magic:  1/41       EV: 14    Int: 24      God:    Sif Muna [*****.]
Gold:   2778       SH:  5    Dex: 13      Spells: 13 memorised, 0 levels left

rFire  + . .     SeeInvis .     a - +6 lightning rod (16/16)
rCold  . . .     Gourm    +     e - +2 troll leather armour
rNeg   . . .     Faith    .     K - +1 buckler {rF+}
rPois  +         Spirit   .     v - +1 hat "Yraecuof" {rElec rPois}
rElec  +         Reflect  .     Q - +2 cloak {MR+}
rCorr  .         Harm     .     i - +0 pair of gloves
MR     ++...     Rnd*Tele +     (boots unavailable)
Stlth  +.........               O - amulet of the gourmand
                                k - ring of magical power
                                f - ring of wizardry

@: about to teleport, flying quickly and evasively, wreathed by umbra, very
heavily drained, divine energy, quick
A: beak, talons 3, blurry vision 1, clumsy 1, deformed body, deterioration 2,
frail 2, low mp 2, screaming 2, teleportitis 3, weak 2, no device heal 2, able
to fly 2
a: Stop Flying, Stop Divine Energy, Channel Magic, Forget Spell, Renounce
Religion
}: 2/15 runes: serpentine, barnacled


You were on level 4 of the Abyss.
You worshipped Sif Muna.
Sif Muna was extremely pleased with you.
You were not hungry.

You visited 10 branches of the dungeon, and saw 40 of its levels.
You visited the Abyss 1 time.
You also visited: Labyrinth, Ice Cave and Volcano.

You collected 6484 gold pieces.
You spent 3706 gold pieces at shops.

Inventory:

Hand Weapons
 b - the +8 hand axe "Killer Bee's Doom" {freeze, SInv}
   (You took it off an orc knight on level 4 of the Vaults)

   It has been specially enchanted to freeze those struck by it, causing extra
   injury to most foes and up to half again as much damage against particularly
   susceptible opponents.
   It can also slow down cold-blooded creatures.
   It lets you see invisible.
 Y - the +5 long sword "Kobethro" {freeze, MR+}
   (You found it on level 7 of the Dungeon)

   It has been specially enchanted to freeze those struck by it, causing extra
   injury to most foes and up to half again as much damage against particularly
   susceptible opponents.
   It can also slow down cold-blooded creatures.
   It affects your resistance to hostile enchantments.
Armour
 e - a +2 troll leather armour (worn)
 i - a +0 pair of gloves (worn)
 q - quicksilver dragon scales
 v - the +1 hat "Yraecuof" (worn) {rElec rPois}
   (You found it on level 2 of the Lair of Beasts)

   It insulates you from electricity.
   It protects you from poison.
 K - a +1 buckler of fire resistance (worn)
 Q - a +2 cloak of magic resistance (worn)
 V - the +6 scale mail "Domeuloe" {+Fly rN+ Str+4 Int-4}
   (You found it on level 3 of the Vaults)

   It affects your strength (+4).
   It affects your intelligence (-4).
   It protects you from negative energy.
   It lets you fly.
Rods
 a - a +6 lightning rod (16/16) (in hand)
   (You found it on level 8 of the Dungeon)
 w - a +2 rod of ignition (9/9)
   (You took it off a yaktaur captain on level 5 of the Vaults)
Jewellery
 f - a ring of wizardry (left hand)
 h - an uncursed amulet of magic regeneration
 k - a ring of magical power (right hand)
 t - an uncursed ring of flight
 J - an uncursed ring of protection from cold
 O - an amulet of the gourmand (around neck)
 W - an uncursed ring of see invisible
 Z - an uncursed ring of poison resistance
Wands
 j - a wand of lightning (7/15)
 r - a wand of teleportation (5/9)
 F - a wand of lightning (9/15)
 M - a wand of disintegration (5/24)
 R - a wand of acid (6/15)
 T - a wand of iceblast (3/15)
Scrolls
 l - 17 scrolls of remove curse
 m - 14 scrolls of identify
 u - 3 scrolls of fear
 G - 2 scrolls of magic mapping
Potions
 c - a potion of cure mutation
 n - 5 potions of curing
 s - a potion of ambrosia
 E - 5 potions of cancellation
 L - a potion of lignification
Books
 d - Sif Muna's Almanac of Frigorific Bewitchment
   (Sif Muna gifted it to you on level 1 of the Crypt)

   Spells                             Type                      Level
   a - Ozocubu's Armour               Charms/Ice                   3
   b - Dazzling Spray                 Conjuration/Hexes            3
   c - Darkness                       Hexes                        6
 o - Kaexzad's Disquisition on the Feathery Escort
   (Sif Muna gifted it to you on level 13 of the Dungeon)

   Spells                             Type                      Level
   a - Summon Butterflies             Summoning                    1
   b - Summon Small Mammal            Summoning                    1
   c - Silence                        Hexes/Air                    5
   d - Summon Demon                   Summoning                    5
   e - Monstrous Menagerie            Summoning                    7
 x - Sif Muna's Papyrus of Creation
   (Sif Muna gifted it to you on level 3 of the Snake Pit)

   Spells                             Type                      Level
   a - Summon Mana Viper              Hexes/Summoning              5
   b - Aura of Abjuration             Summoning                    5
   c - Summon Greater Demon           Summoning                    7
Miscellaneous
 p - a phial of floods
 S - a lamp of fire
Comestibles
 I - 3 bread rations


   Skills:
 + Level 8.6(5.3) Fighting
 - Level 2.0(0.0) Long Blades
 - Level 7.4(4.2) Armour
 - Level 7.4(4.2) Dodging
 - Level 2.0(0.0) Stealth
 - Level 5.3(2.2) Shields
 * Level 15.8(11.9) Spellcasting
   Level 6.4(3.2) Conjurations
 - Level 5.1(2.1) Hexes
 * Level 5.8(2.7) Charms
 * Level 17.4(13.3) Summonings
 + Level 9.0(5.6) Necromancy
 - Level 5.0(1.9) Translocations
   Level 2.0(0.0) Fire Magic
 + Level 6.4(3.3) Ice Magic
 - Level 8.5(5.2) Air Magic
   Level 1.1(0.0) Earth Magic
 - Level 10.0(6.5) Invocations
 + Level 10.6(7.1) Evocations


You couldn't memorise any spells.
You knew the following spells:

 Your Spells              Type           Power        Failure   Level  Hunger
a - Summon Demon          Summ           ######....   1%          5    ###....
b - Summon Butterflies    Summ           ######..     1%          1    None
c - Call Canine Familiar  Summ           ######..     1%          3    None
f - Summon Forest         Summ/Tloc      ######....   6%          5    ###....
g - Summon Guardian Gole  Hex/Summ       ######..     1%          3    None
h - Summon Hydra          Summ           ######....   16%         7    ######.
i - Summon Ice Beast      Ice/Summ       ######..     1%          4    None
k - Blink                 Tloc           N/A          4%          2    None
m - Monstrous Menagerie   Summ           ######....   16%         7    ######.
q - Ozocubu's Armour      Chrm/Ice       ####....     4%          3    None
r - Regeneration          Chrm/Necr      ####......   3%          3    None
s - Summon Lightning Spi  Summ/Air       ######..     1%          4    None
u - Sublimation of Blood  Necr           #####.....   1%          2    None


Dungeon Overview and Level Annotations

Branches:
Dungeon (15/15)            Temple (1/1) D:7            Lair (6/6) D:9
 Shoals (4/4) Lair:3        Snake (4/4) Lair:3        Slime (0/5) Lair:5
    Orc (2/2) D:11            Elf (1/3) Orc:2        Vaults (5/5) D:14
  Crypt (1/3) Vaults:3     Depths (1/5) D:15

Altars:
Ashenzari
Cheibriados
Dithmenos
Elyvilon
Fedhas
Gozag
Hepliaklqana
Kikubaaqudgha
Makhleb
Nemelex Xobeh
Okawaru
Qazlal
Ru
Sif Muna
Trog
Uskayaw
Vehumet
Xom
Yredelemnul
Zin
The Shining One
Beogh

Shops:
Orc:1 =   Orc:2 (%*[?:   Vaults:1 }   Vaults:4 [

Portals:
Hell: Lair:6

Annotations:
Vaults:5 Mara, Saint Roka


Innate Abilities, Weirdness & Mutations

You have a beak for a mouth.
You have claws for feet.
You can fly continuously.
[Scrolls take you a little longer to read.]
[You are clumsy. (Dex -2)]
[Armour fits poorly on your strangely shaped body.]
[Your body often deteriorates upon taking damage.]
[You are very frail. (-20% HP)]
[Your magical capacity is very low. (-20% MP)]
[You sometimes yell uncontrollably at your foes.]
[You are often teleported next to monsters.]
[You are very weak. (Str -4)]
[Potions and wands are poor at restoring your health.]


Message History

Your four-headed hydra barely misses the profane servitor.
Okay, then.
Okay, then.
Evoke which item? (* to show all) (? for menu, Esc to quit)
Zapping:
r - a wand of teleportation (6/9)
Press: ? - help, Shift-Dir - straight line, f - you, p - profane servitor You feel strangely unstable.
You feel the power of the Abyss delaying your translocation!
This wand has 5 charges left.
You regain access to your magic.
The wretched star pulses with an eldritch light!
Your system partially rejects artificial healing.
Your system mostly rejects artificial healing.
Your four-headed hydra twists and deforms.
The profane servitor hits you with a demon whip of draining!!
* * * LOW HITPOINT WARNING * * *
Your body deteriorates!
You feel weakened.
The profane servitor draws strength from your injuries!
You feel drained.
You die...

.. . ≈≈§ #..#
#§ .. §... ###
# .. .
#.##....###..#
. .#..##. ...
#.#. G# #X§.
#.####. # ..
.X##...#. #
...###.§#.#. #
........W#.##
..##..@....##
#...#.A.#...#
......#.D#│###
.#§.#.#.X*#.*##
...
###..#..#X## ##
#####..A≈# ..#
.A..≈ # ..
##§##### .# ##
≈≈


You could see a profane servitor, a tentacled starspawn, a wretched star, a
large abomination, a phantasmal warrior and a friendly four-headed hydra.

Vanquished Creatures
  The ghost of Dickchan the Shatterer, an adept OgBe of Trog (Shoals:4)
  A kraken (Shoals:1)
  Gastronok (Lair:2)
  A tengu reaver (Vaults:1)
  A nagaraja (Snake:4)
  Ilsuiw (Shoals:4)
  A frost giant (Shoals:4)
  2 vault wardens (Vaults:2)
  An ironheart preserver (Vaults:2)
  2 stone giants
  A vampire knight (Crypt:1)
  A deep elf demonologist (Vaults:4)
  Azrael (D:13)
  The ghost of AAAAA the Martial Artist, a journeyman OpWr of Fedhas (Lair:5)
  A merfolk impaler (Shoals:1)
  The ghost of AAAAA the Covert, a journeyman OpWr of Nemelex Xobeh (IceCv)
  Fannar (Lair:2)
  3 yaktaur captains
  A great orb of eyes (Vaults:1)
  3 vault guards
  4 hydras
  6 naga warriors
  An anaconda (Snake:2)
  3 merfolk aquamancers (Shoals:4)
  2 centaur warriors
  3 ogre magi
  A tengu warrior (D:15)
  2 death yaks (Lair:4)
  An orc high priest (Orc:1)
  A shock serpent (Snake:4)
  5 naga sharpshooters
  A deep elf knight (Vaults:3)
  A fire crab (Abyss:4)
  3 skeletal warriors
  2 salamander mystics (Snake:4)
  A small abomination (Vaults:4)
  An unseen horror (D:15)
  3 sea snakes
  A deep troll (Vaults:2)
  An ironbrand convoker (Vaults:1)
  2 wizards
  6 naga ritualists
  4 harpies
  A deep elf archer (Vaults:5)
  A necromancer (Depths:1)
  2 hill giants
  3 mana vipers
  A harpy (shapeshifter) (D:13)
  An orc sorcerer (Orc:2)
  A wolf spider (Vaults:4)
  4 orc knights
  2 ugly things
  A faun (Shoals:1)
  2 manticores
  2 deep elf magi
  A cyclops (Vaults:1)
  A salamander (Snake:2)
  An ice statue (IceCv)
  A siren (Shoals:4)
  A vault sentinel (Vaults:4)
  An elephant (Lair:5)
  6 black mambas
  2 guardian serpents
  10 naga magi
  A gargoyle (D:13)
  3 spiny frogs
  A freezing wraith (Vaults:4)
  8 yaktaurs
  2 komodo dragons
  3 ice devils
  A queen bee (shapeshifter) (D:15)
  A red devil (Lair:6)
  4 two-headed ogres
  A merfolk (Shoals:1)
  A slime creature (Vaults:1)
  2 wind drakes
  2 blink frogs (Lair:1)
  4 hippogriffs
  12 yaks
  A vampire (D:13)
  A wraith (Vaults:3)
  2 basilisks
  A fire elemental (Volcano)
  A vampire mosquito (D:13)
  A basilisk (shapeshifter) (Vaults:3)
  2 golden eyes (Abyss:4)
  A soldier ant (D:12)
  2 mottled dragons
  9 nagas
  4 wargs
  An iron troll simulacrum (IceCv)
  2 hydra simulacra (IceCv)
  5 water moccasins
  A porcupine (Lair:3)
  25 orc warriors
  2 wolves
  An eye of draining (D:14)
  An ettin simulacrum (IceCv)
  9 ogres
  5 boggarts
  3 crocodiles
  12 centaurs
  A big kobold (D:14)
  5 bullfrogs
  A scorpion (D:10)
  10 killer bees
  2 wights (D:13)
  A howler monkey (D:14)
  2 crimson imps (D:8)
  A quasit (D:10)
  A bullfrog zombie (D:13)
  3 centaur zombies
  A hound (D:14)
  4 orc priests
  A bullfrog skeleton (D:12)
  A gnoll shaman (D:9)
  6 orc wizards
  3 worker ants
  3 gnolls (D:9)
  A river rat (D:9)
  3 shadow imps
  2 white imps (IceCv)
  An ufetubus (IceCv)
  A leopard gecko (D:11)
  22 orcs
  8 bats
  A giant cockroach (D:1)
  A hobgoblin (D:1)
  5 jackals
  A kobold (D:1)
  2 quokkas
  2 frilled lizards
  A goblin (D:1)
  3 fungi
364 creatures vanquished.

Vanquished Creatures (collateral kills)
  2 tentacled monstrosities (Vaults:5)
  A quicksilver dragon (Vaults:5)
  Rupert (Lair:5)
  A lich (Abyss:4)
  A titan (Shoals:3)
  A tentacled starspawn (Abyss:4)
  An ancient champion (Crypt:1)
  A sphinx (Vaults:3)
  2 tengu reavers
  Agnes (D:15)
  2 storm dragons
  9 nagarajas
  A shadow dragon (Vaults:3)
  A frost giant (Shoals:3)
  4 fire giants
  An orc warlord (Orc:2)
  Aizul (Snake:2)
  12 vault wardens
  7 ironheart preservers
  7 stone giants
  A very ugly thing (Vaults:2)
  3 entropy weavers
  A dire elephant (Lair:6)
  A deep elf annihilator (Vaults:2)
  A deep elf death mage (Vaults:4)
  2 merfolk javelineers
  An eidolon (Crypt:1)
  4 ettins
  9 merfolk impalers
  A jiangshi (Crypt:1)
  A minotaur (Lab)
  8 yaktaur captains
  A fire dragon (Vaults:2)
  A great orb of eyes (Vaults:2)
  5 vault guards
  The ghost of Schimscham the Eclecticist, a journeyman DEFE of Hepliaklqana (IceCv)
  An ice dragon (Vaults:1)
  Erolcha (D:11)
  2 hydras (Lair:6)
  10 naga warriors
  2 catoblepae
  9 anacondas
  4 merfolk aquamancers
  An alligator snapping turtle (Shoals:2)
  7 centaur warriors
  3 merfolk avatars
  A dancing weapon (Vaults:5)
  4 death knights
  A satyr (Shoals:4)
  A queen ant (shapeshifter) (Vaults:2)
  5 ogre magi
  A deep troll shaman (Vaults:1)
  4 small abominations
  2 vampire magi (Crypt:1)
  2 tengu warriors
  6 shock serpents
  14 naga sharpshooters
  3 sun demons
  A fire crab (Abyss:4)
  14 skeletal warriors
  A shadow wraith (Vaults:4)
  An iron giant zombie (Crypt:1)
  2 wretched stars (Abyss:4)
  18 sea snakes
  9 deep trolls
  A sixfirhy (Lair:6)
  6 naga ritualists
  A salamander mystic (Snake:4)
  An unseen horror (D:12)
  A glowing orange brain (Abyss:4)
  5 flayed ghosts
  3 harpies
  A sea snake (shapeshifter) (D:14)
  A swamp dragon (Abyss:4)
  4 deep elf archers (Vaults:2)
  3 wizards
  A wolf spider zombie (D:15)
  A wolf spider (shapeshifter) (Vaults:2)
  5 hill giants
  A sphinx zombie (Vaults:5)
  18 mana vipers
  6 deep elf magi
  6 orc sorcerers
  A sphinx skeleton (Vaults:2)
  3 necromancers
  16 ugly things
  12 ironbrand convokers
  A phantasmal warrior (Vaults:3)
  15 orc knights
  3 oklob plants
  11 salamanders
  3 wolf spiders
  6 fauns
  A frost giant zombie (Vaults:2)
  A worldbinder (Abyss:4)
  10 sirens
  3 elephants (Lair:5)
  4 cyclopes
  7 manticores
  A fire giant skeleton (Vaults:2)
  45 black mambas
  5 water nymphs
  2 centaur zombies
  An ice statue (Shoals:3)
  10 vault sentinels
  2 gargoyles
  6 spiny frogs
  2 guardian serpents (Snake:2)
  25 naga magi
  An orange demon (Lair:6)
  A smoke demon (Lair:6)
  A torpor snail (Lair:4)
  35 yaktaurs
  2 kobold demonologists (D:14)
  A rime drake (Lair:6)
  9 freezing wraiths
  2 efreet
  6 ice devils (IceCv)
  5 komodo dragons
  A catoblepas zombie (Crypt:1)
  A yaktaur skeleton (Vaults:5)
  6 anaconda simulacra (IceCv)
  An ancient zyme (Abyss:4)
  A golden dragon simulacrum (IceCv)
  6 red devils
  A queen bee (D:11)
  7 trolls
  2 wolf spider simulacra (IceCv)
  19 merfolk
  A hornet (shapeshifter) (D:13)
  13 two-headed ogres
  5 hornets
  3 polar bears
  A troll (shapeshifter) (Vaults:2)
  5 snapping turtles
  3 raiju (Abyss:4)
  11 slime creatures
  A blink frog (Lair:1)
  7 hippogriffs
  4 wind drakes
  A dream sheep (Lair:6)
  An alligator skeleton (Crypt:1)
  A shadow (D:13)
  2 dire elephant simulacra
  4 large abominations (Abyss:4)
  2 ice dragon skeletons (Crypt:1)
  10 water elementals
  3 wraiths
  8 redbacks (Snake:3)
  28 yaks
  Eustachio (D:6)
  2 fire elementals
  A hungry ghost (Abyss:4)
  3 basilisks
  A vampire mosquito (D:13)
  A golden eye (Abyss:4)
  A redback simulacrum (D:15)
  A deep troll zombie (Crypt:1)
  8 wargs
  6 harpy simulacra (IceCv)
  An iron troll simulacrum (IceCv)
  A mottled dragon (Vaults:1)
  41 nagas
  6 hell hounds
  9 water moccasins
  A soldier ant (D:13)
  A gelid demonspawn skeleton (Crypt:1)
  2 sky beasts
  43 orc warriors
  7 porcupines
  A manticore zombie (Crypt:1)
  An ice beast (D:7)
  An ogre (shapeshifter) (Vaults:1)
  A black bear (shapeshifter) (Vaults:2)
  An eye of draining (D:13)
  2 phantoms (D:12)
  A necrophage (D:9)
  4 boggarts
  2 wolves
  17 centaurs
  A boggart (shapeshifter) (Vaults:3)
  23 ogres
  17 crocodiles
  5 big kobolds
  16 bullfrogs
  A scorpion (D:5)
  A wyvern skeleton (D:14)
  An elephant simulacrum (IceCv)
  14 killer bees
  A swamp dragon simulacrum (IceCv)
  2 wights (D:13)
  2 human simulacra
  4 electric eels (Snake:1)
  7 howler monkeys
  A crimson imp (D:11)
  6 starcursed masses (Abyss:4)
  A quasit (Abyss:4)
  A bullfrog zombie (D:5)
  5 centaur skeletons
  4 draconian simulacra (IceCv)
  5 hounds
  11 orc priests
  2 bullfrog skeletons (D:5)
  3 jellies
  3 iguanas
  15 orc wizards
  2 spriggan simulacra (IceCv)
  5 worker ants
  4 centaur simulacra (IceCv)
  A deep dwarf skeleton (Crypt:1)
  A tengu skeleton (Crypt:1)
  A mummy (D:7)
  Robin (D:2)
  A gnoll (D:9)
  A howler monkey skeleton (D:4)
  4 ogre simulacra (IceCv)
  2 adders
  2 naga simulacra (IceCv)
  3 shadow imps (D:5)
  5 white imps (IceCv)
  2 ufetubi (IceCv)
  A dart slug (D:2)
  A leopard gecko (shapeshifter) (Vaults:5)
  4 leopard geckos
  72 orcs
  2 bats
  A giant cockroach (D:5)
  10 goblins
  5 hobgoblins
  9 jackals
  2 quokkas
  A ball python (D:4)
  A frilled lizard (D:5)
  A hobgoblin skeleton (Crypt:1)
  17 kobolds
  3 rats
  A crawling corpse (Vaults:4)
  A fire vortex (Volcano)
  3 fungi
  3 plants
  2 tentacles (Shoals:1)
1206 creatures vanquished.

Vanquished Creatures (others)
  3 naga warriors
  2 sea snakes
  An orc knight (D:11)
  2 oklob plants (Lair:5)
  An ugly thing (D:11)
  A naga mage (Snake:4)
  A yak (Lair:5)
  A neqoxec (Abyss:4)
  A chaos spawn (Abyss:4)
  A naga (Snake:4)
  3 orc warriors
  An orc wizard (Orc:1)
  A bush (Lair:6)
  2 demonic plants (Abyss:4)
  16 fungi
  19 plants
  3 snaplasher vines
  5 starspawn tentacles (Abyss:4)
  18 tentacles (Shoals:1)
82 creatures vanquished.

Grand Total: 1652 creatures vanquished

Notes
Turn   | Place    | Note
-------+----------+-------------------------------------------
     0 | D:1      | Patchouli the Tengu Summoner began the quest for the Orb.
     0 | D:1      | Reached XP level 1. HP: 10/10 MP: 4/4
   258 | D:1      | Reached skill level 5 in Summonings
   258 | D:1      | Reached XP level 2. HP: 14/16 MP: 6/6
   262 | D:1      | Learned a level 2 spell: Call Imp
   343 | D:2      | Noticed Robin
   405 | D:1      | Reached skill level 1 in Fighting
   467 | D:2      | Reached XP level 3. HP: 20/20 MP: 7/7
   521 | D:2      | Killed Robin
   608 | D:4      | Reached skill level 1 in Armour
   614 | D:4      | Learned a level 3 spell: Call Canine Familiar
   745 | D:4      | Reached XP level 4. HP: 25/25 MP: 1/9
   970 | D:4      | Found an ancient bone altar of Kikubaaqudgha.
   978 | D:4      | Gained mutation: You can fly. [Tengu growth]
   978 | D:4      | Reached XP level 5. HP: 27/29 MP: 7/10
  1059 | D:5      | Entered Level 5 of the Dungeon
  1059 | D:5      | Noticed an ogre
  1165 | D:4      | Noticed a big kobold
  1166 | D:4      | Noticed a big kobold
  1177 | D:4      | Killed a big kobold
  1196 | D:4      | Killed a big kobold
  1302 | D:5      | Reached XP level 6. HP: 34/36 MP: 3/11
  1352 | D:5      | Found an iron altar of Okawaru.
  1582 | D:6      | Noticed Eustachio
  1763 | D:5      | Reached skill level 6 in Summonings
  2086 | D:6      | Killed Eustachio
  2086 | D:6      | Reached XP level 7. HP: 36/40 MP: 4/13
  2478 | D:5      | Found a shadowy altar of Dithmenos.
  2737 | D:7      | Found a staircase to the Ecumenical Temple.
  2742 | Temple   | Entered the Ecumenical Temple
  2772 | Temple   | Became a worshipper of Sif Muna the Loreminder
  2835 | D:7      | Found a snail-covered altar of Cheibriados.
  2858 | D:7      | Got a crystal long sword
  2859 | D:7      | Identified the +5 long sword "Kobethro" {freeze, MR+} (You found it on level 7 of the Dungeon)
  2865 | D:7      | Learned a level 4 spell: Summon Lightning Spire
  2869 | D:7      | Learned a level 3 spell: Summon Guardian Golem
  2915 | D:7      | Gained mutation: You are dopey. (Int -2) [potion of mutation]
  2915 | D:7      | Gained mutation: You are agile. (Dex +2) [potion of mutation]
  2915 | D:7      | Gained mutation: [You are occasionally teleported next to monsters.] [potion of mutation]
  3017 | D:7      | Noticed a hippogriff
  3170 | D:7      | Reached skill level 1 in Air Magic
  3173 | D:7      | Killed a hippogriff
  3173 | D:7      | Reached XP level 8. HP: 44/46 MP: 1/15
  3305 | D:7      | Found a glowing silver altar of Zin.
  3359 | D:8      | Reached skill level 1 in Evocations
  3521 | D:8      | Noticed a hippogriff
  3526 | D:8      | Killed a hippogriff
  3526 | D:8      | Reached skill level 1 in Hexes
  3526 | D:8      | Reached skill level 1 in Invocations
  3791 | D:8      | Reached * piety under Sif Muna
  4108 | D:9      | Reached skill level 7 in Summonings
  4187 | D:8      | Reached skill level 5 in Dodging
  4227 | D:8      | Reached XP level 9. HP: 47/52 MP: 3/17
  4495 | D:9      | Reached skill level 5 in Spellcasting
  4547 | D:9      | Got a spiked chain mail
  4598 | D:10     | Entered Level 10 of the Dungeon
  4618 | D:10     | Identified a +0 rod of shadows (9/9) (You found it on level 10 of the Dungeon)
  5064 | D:9      | Found a bloodstained altar of Trog.
  5064 | D:9      | Found an opulent altar of Gozag.
  5083 | D:9      | Reached ** piety under Sif Muna
  5164 | D:9      | Found a staircase to the Lair.
  5228 | Lair:1   | Entered Level 1 of the Lair of Beasts
  5260 | Lair:1   | Learned a level 4 spell: Summon Ice Beast
  5289 | Lair:1   | Noticed a black mamba
  5304 | Lair:1   | Killed a black mamba
  5422 | Lair:1   | Reached skill level 8 in Summonings
  5595 | Lair:1   | Noticed a black mamba
  5608 | Lair:1   | Killed a black mamba
  5608 | Lair:1   | Reached skill level 1 in Ice Magic
  5608 | Lair:1   | Reached skill level 5 in Air Magic
  5872 | Lair:2   | Reached XP level 10. HP: 58/58 MP: 5/19
  6127 | Lair:2   | Noticed Gastronok
  6143 | Lair:2   | Killed Gastronok
  6143 | Lair:2   | Reached *** piety under Sif Muna
  6330 | Lair:2   | Noticed a spiny frog
  6337 | Lair:2   | Killed a spiny frog
  6337 | Lair:2   | Reached skill level 9 in Summonings
  6486 | Lair:3   | Noticed a spiny frog
  6497 | Lair:3   | Noticed a spiny frog
  6498 | Lair:3   | Noticed a catoblepas
  6498 | Lair:3   | Noticed a four-headed hydra
  6507 | Lair:3   | Found a staircase to the Shoals.
  6510 | Lair:3   | Lost mutation: You are dopey. (Int -2) [potion of cure mutation]
  6510 | Lair:3   | Lost mutation: You are agile. (Dex +2) [potion of cure mutation]
  6510 | Lair:3   | Lost mutation: [You are occasionally teleported next to monsters.] [potion of cure mutation]
  6537 | Lair:3   | Killed a spiny frog
  6537 | Lair:3   | Reached skill level 5 in Armour
  6817 | Lair:3   | Killed a four-headed hydra
  7003 | Lair:3   | Found a staircase to the Snake Pit.
  7116 | Lair:4   | Noticed a spiny frog
  7136 | Lair:3   | Killed a catoblepas
  7136 | Lair:3   | Reached XP level 11. HP: 62/62 MP: 8/22
  7210 | Lair:4   | Reached skill level 5 in Fighting
  7392 | Lair:4   | Found a dark tunnel.
  7425 | Volcano  | Entered a volcano
  7738 | Lair:5   | Reached **** piety under Sif Muna
  7763 | Lair:5   | Noticed Rupert
  7773 | Lair:5   | Killed Rupert
  7775 | Lair:5   | Noticed an oklob plant
  8141 | Lair:5   | Reached skill level 10 in Summonings
  8328 | Lair:5   | Found a staircase to the Slime Pits.
  8353 | Lair:5   | Noticed an oklob plant
  8360 | Lair:5   | Noticed an oklob plant
  8362 | Lair:5   | Killed an oklob plant
  8362 | Lair:5   | Killed an oklob plant
  8421 | Lair:5   | Noticed an oklob plant
  8593 | Lair:5   | Learned a level 3 spell: Regeneration
  8824 | Lair:5   | Killed an oklob plant
  8886 | Lair:5   | Killed an oklob plant
  9150 | Lair:5   | Reached ***** piety under Sif Muna
  9175 | Lair:6   | Entered Level 6 of the Lair of Beasts
  9187 | Lair:5   | Noticed AAAAA's ghost (journeyman OpWr)
  9218 | Lair:5   | Killed AAAAA's ghost
  9218 | Lair:5   | Reached skill level 1 in Charms
  9218 | Lair:5   | Reached skill level 1 in Necromancy
  9279 | Lair:6   | Noticed an eight-headed hydra
  9281 | Lair:6   | Noticed a five-headed hydra
  9393 | Lair:6   | Noticed a seven-headed hydra
  9400 | Lair:6   | Killed a seven-headed hydra
  9400 | Lair:6   | Reached XP level 12. HP: 47/68 MP: 1/24
  9408 | Lair:6   | Noticed a seven-headed hydra
  9449 | Lair:4   | Identified Sif Muna's Reference Book on Burning Arcane Weapons (Sif Muna gifted it to you on level 4 of the Lair of Beasts)
  9449 | Lair:4   | Received a gift from Sif Muna
  9457 | Lair:4   | Learned a level 5 spell: Bolt of Draining
  9662 | Lair:4   | Noticed a death yak
  9664 | Lair:4   | Noticed a death yak
  9669 | Lair:4   | Killed a death yak
  9669 | Lair:4   | Reached skill level 1 in Conjurations
  9669 | Lair:4   | Reached skill level 5 in Hexes
  9675 | Lair:4   | Killed a death yak
  9946 | Lair:1   | Identified a scroll of acquirement
 10485 | D:11     | Reached skill level 5 in Ice Magic
 11869 | D:11     | Reached skill level 5 in Evocations
 11880 | D:11     | Noticed Erolcha
 11886 | D:11     | Killed Erolcha
 12034 | D:11     | Found a roughly hewn altar of Beogh.
 12034 | D:11     | Found a staircase to the Orcish Mines.
 12062 | Orc:1    | Entered Level 1 of the Orcish Mines
 12083 | Orc:1    | Noticed a sun demon
 12084 | Orc:1    | Noticed an orc high priest
 12224 | D:11     | Received a gift from Sif Muna
 12456 | Orc:1    | Killed an orc high priest
 12646 | Orc:2    | Entered Level 2 of the Orcish Mines
 12646 | Orc:2    | Found a labyrinth entrance.
 12653 | Lab      | Entered a labyrinth
 12789 | Lab      | Noticed a minotaur
 12798 | Lab      | Killed a minotaur
 12897 | Orc:2    | Reached skill level 11 in Summonings
 12898 | Orc:2    | Noticed an orc warlord
 13051 | Orc:2    | Found Tamiqeutt's Weapon Emporium.
 13147 | Orc:2    | Killed an orc warlord
 13153 | Orc:2    | Reached XP level 13. HP: 74/74 MP: 10/25
 13384 | Orc:2    | Found Bamehin's Food Emporium.
 13414 | Orc:2    | Found a roughly hewn altar of Beogh.
 13914 | Orc:2    | Found a staircase to the Elven Halls.
 13941 | Orc:2    | Reached skill level 5 in Conjurations
 14089 | Orc:2    | Found Zexij's Antique Armour Emporium.
 14089 | Orc:2    | Found Kegg's Magic Scroll Shop.
 14091 | Orc:2    | Found Tewkas's Assorted Antiques.
 14093 | Orc:2    | Found Heaqezoc's Book Boutique.
 14100 | Orc:2    | Bought a Fen Folio for 1050 gold pieces
 14102 | Orc:2    | Bought a scroll of enchant armour for 97 gold pieces
 14102 | Orc:2    | Bought a scroll of identify for 26 gold pieces
 14108 | Orc:2    | Bought a scroll of recharging for 123 gold pieces
 14108 | Orc:2    | Bought a scroll of recharging for 123 gold pieces
 14375 | Orc:1    | Found Ferap's Jewellery Boutique.
 14397 | Orc:1    | Bought an uncursed ring of protection from cold for 425 gold pieces
 14397 | Orc:1    | Bought an uncursed amulet of the gourmand for 510 gold pieces
 14522 | Lair:1   | Identified the cursed +1 chain mail of Oluro {rC++ Int-5 SInv} (You found it on level 9 of the Dungeon)
 14681 | Lair:2   | Got a warped hat
 14692 | Lair:2   | Identified the +1 hat "Yraecuof" {rElec rPois} (You found it on level 2 of the Lair of Beasts)
 14724 | Lair:2   | Noticed Fannar
 14753 | Lair:2   | Killed Fannar
 14840 | Shoals:1 | Entered Level 1 of the Shoals
 14850 | Shoals:1 | Noticed a merfolk impaler
 14922 | Lair:3   | Reached skill level 5 in Necromancy
 15082 | Lair:6   | Identified Sif Muna's Grimoire of Black Arts and Snow (Sif Muna gifted it to you on level 6 of the Lair of Beasts)
 15082 | Lair:6   | Received a gift from Sif Muna
 15177 | Lair:6   | Noticed a dire elephant
 15609 | Lair:6   | Found a hide-covered altar of Uskayaw.
 15693 | Lair:6   | Reached skill level 12 in Summonings
 16395 | Lair:6   | Found a burning altar of Makhleb.
 16410 | Lair:6   | Found a gateway to Hell.
 16470 | Lair:6   | Killed a dire elephant
 17005 | D:13     | Noticed Azrael
 17314 | D:13     | Learned a level 7 spell: Summon Hydra
 17396 | D:13     | Reached skill level 13 in Summonings
 17400 | D:13     | Identified Kaexzad's Disquisition on the Feathery Escort (Sif Muna gifted it to you on level 13 of the Dungeon)
 17400 | D:13     | Received a gift from Sif Muna
 17420 | D:13     | Killed Azrael
 17820 | D:13     | Gained mutation: You can fly continuously. [Tengu growth]
 17820 | D:13     | Reached XP level 14. HP: 80/80 MP: 24/28
 17910 | D:13     | Found a sparkling altar of Nemelex Xobeh.
 18174 | D:14     | Reached skill level 10 in Spellcasting
 18446 | D:14     | Found a gate to the Vaults.
 18811 | D:15     | Entered Level 15 of the Dungeon
 19099 | D:15     | Found a blossoming altar of Fedhas.
 19550 | D:15     | Noticed Agnes
 19732 | Orc:2    | Bought a scroll of teleportation for 39 gold pieces
 19732 | Orc:2    | Bought a scroll of identify for 26 gold pieces
 19732 | Orc:2    | Bought a scroll of blinking for 97 gold pieces
 19734 | Orc:2    | Bought a book of Spatial Translocations for 910 gold pieces
 19739 | Orc:2    | Bought a scroll of identify for 70 gold pieces
 19739 | Orc:2    | Bought a scroll of identify for 70 gold pieces
 19739 | Orc:2    | Bought a scroll of identify for 70 gold pieces
 19739 | Orc:2    | Bought a scroll of identify for 70 gold pieces
 19951 | Snake:1  | Entered Level 1 of the Snake Pit
 19960 | Snake:1  | Reached skill level 14 in Summonings
 19993 | Lair:3   | Learned a level 2 spell: Blink
 20000 | Lair:3   | Learned a level 5 spell: Summon Forest
 20107 | Shoals:1 | Identified Sif Muna's Handbook of Feathery Augmentations (Sif Muna gifted it to you on level 1 of the Shoals)
 20107 | Shoals:1 | Received a gift from Sif Muna
 20690 | Shoals:1 | Noticed a kraken
 21164 | Shoals:1 | Killed a kraken
 21541 | Shoals:2 | Reached skill level 1 in Shields
 22681 | Shoals:3 | Reached skill level 1 in Translocations
 22974 | Shoals:3 | Received a gift from Sif Muna
 22974 | Shoals:3 | Reached XP level 15. HP: 84/84 MP: 13/31
 23027 | Shoals:3 | Found a frozen archway.
 23109 | IceCv    | Entered an ice cave
 23117 | IceCv    | Learned a level 5 spell: Bolt of Magma
 23386 | IceCv    | Noticed Schimscham's ghost (journeyman DEFE)
 23402 | IceCv    | Killed Schimscham's ghost
 24103 | IceCv    | Reached skill level 1 in Fire Magic
 24335 | IceCv    | Reached skill level 5 in Invocations
 24520 | IceCv    | Noticed AAAAA's ghost (journeyman OpWr)
 24521 | IceCv    | Noticed an Ice Fiend
 24542 | IceCv    | Killed AAAAA's ghost
 25015 | Shoals:3 | Noticed a frost giant
 25030 | Shoals:3 | Killed a frost giant
 25030 | Shoals:3 | Reached skill level 1 in Earth Magic
 25183 | Shoals:3 | Reached skill level 15 in Summonings
 25240 | Shoals:3 | Noticed a titan
 25309 | Shoals:3 | Killed a titan
 25621 | Shoals:4 | Entered Level 4 of the Shoals
 25707 | Shoals:4 | Noticed Dickchan's ghost (adept OgBe)
 25736 | Shoals:4 | Killed Dickchan's ghost
 25848 | Shoals:4 | Noticed Ilsuiw
 25862 | Shoals:4 | Killed Ilsuiw
 25982 | Shoals:4 | Noticed a frost giant
 25997 | Shoals:4 | Killed a frost giant
 26254 | Shoals:4 | Got a barnacled rune of Zot
 27085 | Lair:1   | Identified a +6 rod of shadows (12/12) (You found it on level 4 of the Shoals)
 27182 | Lair:3   | Identified Sif Muna's Compendium of Blistering Feathers (Sif Muna gifted it to you on level 3 of the Lair of Beasts)
 27182 | Lair:3   | Received a gift from Sif Muna
 27668 | Snake:1  | Reached XP level 16. HP: 92/92 MP: 6/33
 27910 | Snake:1  | Noticed a nagaraja
 27929 | Snake:1  | Killed a nagaraja
 28101 | Snake:1  | Learned a level 7 spell: Monstrous Menagerie
 28475 | Snake:2  | Reached skill level 1 in Long Blades
 29514 | Snake:2  | Noticed Aizul
 29527 | Snake:2  | Killed Aizul
 30072 | Snake:3  | Found a hazy altar of Hepliaklqana.
 30202 | Snake:4  | Entered Level 4 of the Snake Pit
 30357 | Snake:3  | Identified Sif Muna's Papyrus of Creation (Sif Muna gifted it to you on level 3 of the Snake Pit)
 30357 | Snake:3  | Received a gift from Sif Muna
 30702 | Snake:4  | Noticed a nagaraja
 30716 | Snake:4  | Killed a nagaraja
 30799 | Snake:4  | Noticed a nagaraja
 30810 | Snake:4  | Killed a nagaraja
 31164 | Snake:4  | Found an opulent altar of Gozag.
 31724 | Snake:4  | Reached XP level 17. HP: 68/97 MP: 2/35
 33012 | Snake:4  | Got a serpentine rune of Zot
 33140 | Snake:3  | Reached skill level 10 in Invocations
 33144 | Snake:3  | Received a gift from Sif Muna
 33702 | D:15     | Reached skill level 10 in Evocations
 33755 | D:15     | Found a staircase to the Depths.
 33766 | Depths:1 | Entered Level 1 of the Depths
 33828 | D:15     | Killed Agnes
 33869 | Vaults:1 | Entered Level 1 of the Vaults
 34149 | Vaults:1 | Found Ufuczoz's Gadget Boutique.
 34686 | Vaults:1 | Identified Sif Muna's Catalogue of Icy Enhancements (Sif Muna gifted it to you on level 1 of the Vaults)
 34686 | Vaults:1 | Received a gift from Sif Muna
 34835 | Vaults:1 | Got a dazzling plate armour
 35126 | Vaults:2 | Reached XP level 18. HP: 101/103 MP: 16/37
 35304 | Vaults:2 | Reached ****** piety under Sif Muna
 36230 | Vaults:2 | Reached skill level 5 in Shields
 36239 | Vaults:2 | Identified Sif Muna's Disquisition on Dislocated Black Rites (Sif Muna gifted it to you on level 2 of the Vaults)
 36239 | Vaults:2 | Received a gift from Sif Muna
 36282 | Vaults:2 | Reached skill level 5 in Translocations
 36409 | Vaults:2 | Learned a level 2 spell: Sublimation of Blood
 36570 | Vaults:2 | Reached skill level 16 in Summonings
 36876 | Vaults:2 | Reached skill level 15 in Spellcasting
 37014 | Vaults:2 | Learned a level 3 spell: Ozocubu's Armour
 37440 | Vaults:3 | Found a staircase to the Crypt.
 37440 | Vaults:3 | Found a basalt altar of Yredelemnul.
 37441 | Vaults:3 | Found an ancient bone altar of Kikubaaqudgha.
 37989 | Vaults:4 | Received a gift from Sif Muna
 38071 | Vaults:4 | Reached skill level 5 in Charms
 38790 | Vaults:3 | Got a spiked scale mail
 38820 | Vaults:3 | Identified the +6 scale mail "Domeuloe" {+Fly rN+ Str+4 Int-4} (You found it on level 3 of the Vaults)
 38858 | Vaults:2 | Reached XP level 19. HP: 106/108 MP: 23/39
 39164 | Vaults:4 | Noticed an Ice Fiend
 39324 | Vaults:4 | Got a crude hand axe {freeze}
 39329 | Vaults:4 | Identified the +8 hand axe "Killer Bee's Doom" {freeze, SInv} (You took it off an orc knight on level 4 of the Vaults)
 39398 | Vaults:4 | Found Liedihou's Armour Shoppe.
 39818 | Lair:1   | Identified the cursed +0 plate armour of Zadghikle {rPois rC+ rCorr Dex+3 Slay+2} (You found it on level 1 of the Vaults)
 39854 | Lair:1   | Learned a level 1 spell: Summon Butterflies
 39994 | Elf:1    | Entered Level 1 of the Elven Halls
 40454 | Crypt:1  | Entered Level 1 of the Crypt
 40664 | Crypt:1  | Learned a level 5 spell: Summon Demon
 40753 | Crypt:1  | Identified Sif Muna's Almanac of Frigorific Bewitchment (Sif Muna gifted it to you on level 1 of the Crypt)
 40753 | Crypt:1  | Received a gift from Sif Muna
 41041 | Vaults:5 | Entered Level 5 of the Vaults
 41139 | Vaults:5 | Noticed an ancient lich
 41153 | Vaults:5 | Noticed Mara
 41159 | Vaults:5 | Noticed Patchouli's illusion
 41171 | Vaults:5 | Noticed a tentacled monstrosity
 41176 | Vaults:5 | Reached skill level 17 in Summonings
 41211 | Vaults:5 | Killed a tentacled monstrosity
 41225 | Vaults:5 | Noticed a tentacled monstrosity
 41232 | Vaults:5 | Killed a tentacled monstrosity
 41531 | Vaults:5 | Identified a +2 rod of ignition (9/9) (You took it off a yaktaur captain on level 5 of the Vaults)
 41551 | Vaults:5 | Noticed Saint Roka
 41557 | Vaults:5 | Cast into level 4 of the Abyss (Saint Roka)
 41592 | Abyss:4  | Paralysed by accursed screaming for 1 turns
 41805 | Abyss:4  | Noticed a profane servitor
 41922 | Abyss:4  | Noticed a profane servitor
 41944 | Abyss:4  | Slain by a profane servitor

Skill      XL: |  1  2  3  4  5  6  7  8  9 10 11 12 13 14 15 16 17 18 19 |
---------------+----------------------------------------------------------+-----
Summonings     | 5 6 7 8 9 10 11 13 14 15 16 17 | 17.4
Fighting       | 1 2 3 4 5 6 7 8 |  8.6
Armour         | 1 2 3 4 5 6 7 |  7.4
Dodging        | 3 4 5 6 7 |  7.4
Spellcasting   | 3 4 5 6 7 9 11 12 13 14 15 | 15.8
Air Magic      | 1 4 5 6 8 |  8.5
Evocations     | 2 3 4 5 7 9 10 | 10.6
Hexes          | 1 2 3 4 5 |  5.1
Invocations    | 1 2 3 4 6 8 10 | 10.0
Ice Magic      | 1 3 4 5 6 |  6.4
Charms         | 1 3 4 5 |  5.8
Necromancy     | 1 4 5 6 7 8 9 |  9.0
Conjurations   | 4 5 6 |  6.4
Shields        | 2 4 5 |  5.3
Translocations | 1 3 4 5 |  5.0
Fire Magic     | 2 |  2.0
Earth Magic    | 1 |  1.1
Long Blades    | 2 |  2.0
Stealth        | |  2.0

Action                   |  1- 3 |  4- 6 |  7- 9 | 10-12 | 13-15 | 16-18 | 19-21 || total
-------------------------+-------+-------+-------+-------+-------+-------+-------++-------
Melee: Dagger            |    26 |    27 |    10 |       |       |       |       ||    63
       Peck              |     1 |     3 |     4 |     4 |     5 |       |     2 ||    19
       Kick              |     1 |     4 |     8 |    10 |    11 |     4 |     1 ||    39
       Long sword        |       |       |    20 |     4 |    21 |    13 |       ||    58
       Hand axe          |       |       |       |       |       |       |     8 ||     8
 Cast: Summon Small Mamm |    19 |       |     1 |       |       |       |       ||    20
       Call Imp          |    11 |    24 |    35 |     1 |     2 |       |       ||    73
       Call Canine Famil |     2 |    13 |    42 |    35 |    80 |    67 |    28 ||   267
       Summon Guardian G |       |       |    20 |    50 |    44 |    37 |    11 ||   162
       Summon Lightning  |       |       |    22 |    69 |   122 |   134 |    38 ||   385
       Summon Ice Beast  |       |       |     1 |    93 |   106 |   312 |    25 ||   537
       Regeneration      |       |       |       |     4 |    26 |    40 |    29 ||    99
       Summon Hydra      |       |       |       |       |   183 |   133 |    70 ||   386
       Bolt of Draining  |       |       |       |       |     5 |       |       ||     5
       Summon Forest     |       |       |       |       |     9 |     3 |       ||    12
       Blink             |       |       |       |       |     3 |    21 |    16 ||    40
       Monstrous Menager |       |       |       |       |       |    44 |    15 ||    59
       Sublimation of Bl |       |       |       |       |       |    30 |    46 ||    76
       Ozocubu's Armour  |       |       |       |       |       |     8 |     7 ||    15
       Summon Demon      |       |       |       |       |       |       |    13 ||    13
       Summon Butterflie |       |       |       |       |       |       |     2 ||     2
Invok: Divine Energy     |       |       |     1 |     1 |       |       |       ||     2
       Stop Divine Energ |       |       |       |     1 |       |       |       ||     1
       Channel Magic     |       |       |       |       |     4 |     5 |    10 ||    19
 Abil: Fly               |       |       |       |     2 |     1 |       |       ||     3
Evoke: Wand              |       |     3 |     3 |    15 |    13 |    16 |     2 ||    52
       Rod               |       |       |    30 |    99 |   213 |   248 |    35 ||   625
       Phial of floods   |       |       |       |     1 |       |       |       ||     1
       Lamp of fire      |       |       |       |       |     3 |     1 |       ||     4
       Box of beasts     |       |       |       |       |       |     2 |       ||     2
  Use: Scroll            |       |     2 |     7 |    15 |    28 |     6 |     6 ||    64
       Potion            |       |       |     4 |    12 |    11 |     3 |    11 ||    41
 Stab: Sleeping          |     1 |       |       |       |       |       |       ||     1
       Distracted        |       |     1 |     1 |       |       |       |       ||     2
  Eat: Chunk             |       |     6 |    17 |    46 |   112 |    78 |    25 ||   284
       Beef jerky        |       |     1 |     1 |     2 |     5 |     1 |     1 ||    11
       Meat ration       |       |       |     1 |       |     5 |     2 |       ||     8
       Royal jelly       |       |       |       |       |     4 |       |       ||     4
       Fruit             |       |       |       |       |     3 |       |       ||     3
       Pizza             |       |       |       |       |     1 |     3 |     1 ||     5
       Bread ration      |       |       |       |       |       |     7 |     5 ||    12
Armor: Robe              |     7 |     2 |    14 |    11 |       |       |       ||    34
       Ring mail         |       |       |       |     9 |     8 |       |       ||    17
       Troll leather arm |       |       |       |       |    98 |    57 |    23 ||   178
Dodge: Dodged            |    18 |    30 |    87 |   104 |   353 |   260 |    68 ||   920
Block: Buckler           |       |       |       |       |       |    25 |    25 ||    50
       Rpst.: Long sword |       |       |     5 |     3 |     6 |     1 |       ||    15
